Construct Section Command Post
Construct Platoon Command Post
6-pounder Anti-tank Gun Team
Unlock Bishop Self-propelled Artillery
Selects Indian Artillery Battlegroup
Selects Artillery Saturation
Bishop Self-propelled Artillery
6-pounder Anti-tank Gun Team
Bishop Self-propelled Artillery
Selects Off-map Airburst Barrage
Construct Company Command Post
Bishop Self-propelled Artillery
6-pounder Anti-tank Gun Team